 Dungeon Crawl Stone Soup version 0.31.0-32-g396128a36d (webtiles) character file.

Game seed: 5192250047368505542

59183 PaiMei the Black Sun (level 14, -1/113 HPs)
             Began as a Demonspawn Necromancer on Apr 18, 2024.
             Was a High Priest of Kikubaaqudgha.
             Incinerated by a deep elf pyromancer (15 damage)
             ... with a pyre arrow
             ... on level 13 of the Dungeon.
             The game lasted 00:48:32 (30033 turns).

PaiMei the Black Sun (Demonspawn Necromancer)      Turns: 30033, Time: 00:48:32

Health: -1/113     AC: 15    Str: 15    XL:     14   Next: 52%
Magic:  13/30      EV: 18    Int: 26    God:    Kikubaaqudgha [*****.]
Gold:   1169       SH:  0    Dex: 15    Spells: 12/37 levels left

rFire   . . .        Q - +8 hand axe "Gain" {speed, ^Contam rC+++ Str+7}
rCold   + + +        (no shield)
rNeg    . . .        O - +4 scale mail {rC+}
rPois   +            X - +2 hat
rElec   .            L - +0 cloak
rCorr   .            U - +0 pair of gloves
SInv    .            (no boots)
Will    +....        (no amulet)
Stlth   +            w - +6 ring of intelligence
HPRegen 0.38/turn    J - ring of poison resistance
MPRegen 0.22/turn

%: repel missiles
@: mighty, on fire, glowing
A: repulsion field 3, foul stench 1, powered by pain 1, demonic touch 2
a: Renounce Religion, Unearth Wretches, Torment


You were on level 13 of the Dungeon.
You worshipped Kikubaaqudgha.
Kikubaaqudgha was extremely pleased with you.
You visited 4 branches of the dungeon, and saw 20 of its levels.
You also visited: Bailey.

You collected 1265 gold pieces.
You spent 96 gold pieces at shops.

Inventory:

Hand Weapons
 E - the +7 sling of Verau {heavy, Int+2}
   (You found it in a bailey)

   Int+2:     It affects your intelligence (+2).
 P - a +2 scimitar of flaming
 Q - the +8 hand axe "Gain" (weapon) {speed, ^Contam rC+++ Str+7}
   (You found it on level 9 of the Dungeon)

   Str+7:     It affects your strength (+7).
   rC+++:     It renders you almost immune to cold.
   ^Contam:   It causes magical contamination when unequipped.
 T - a +3 eveningstar of protection
Missiles
 a - 8 throwing nets
 t - 2 darts of dispersal (quivered)
 v - 3 curare-tipped darts
 x - 27 poisoned darts
 W - 3 atropa-tipped darts
Armour
 L - a +0 cloak (worn)
 O - a +4 scale mail of cold resistance (worn)
 U - a +0 pair of gloves (worn)
 X - a +2 hat (worn)
Jewellery
 w - a +6 ring of intelligence (left hand)
 F - a ring of protection from cold
 J - a ring of poison resistance (right hand)
Wands
 i - a wand of digging (2)
 s - a wand of mindburst (20)
 R - a wand of polymorph (12)
 Z - a wand of paralysis (4)
Scrolls
 d - 3 scrolls of teleportation
 e - 3 scrolls of revelation
 h - 2 scrolls of amnesia
 l - 2 scrolls of silence
 m - 2 scrolls of blinking
 q - 2 scrolls of poison
 u - 2 scrolls of vulnerability
 y - 2 scrolls of fear
 A - 4 scrolls of acquirement
 B - 3 scrolls of enchant armour
 C - 4 scrolls of fog
 I - a scroll of brand weapon
 M - 4 scrolls of enchant weapon
 N - 2 scrolls of butterflies
Potions
 b - a potion of magic
 c - 12 potions of curing
 f - a potion of berserk rage
 j - a potion of invisibility
 k - 6 potions of haste
 n - 6 potions of heal wounds
 o - a potion of brilliance
 p - a potion of attraction
 r - 4 potions of cancellation
 z - 2 potions of enlightenment
 D - 7 potions of mutation
 G - a potion of resistance {unknown}
 V - a potion of experience {unknown}
 Y - a potion of ambrosia {unknown}
Miscellaneous
 g - a box of beasts


   Skills:
 - Level 11.1 Fighting
 + Level 6.2 Axes
 + Level 5.2 Armour
 - Level 11.0 Dodging
 - Level 2.2 Stealth
 + Level 12.2 Spellcasting
 + Level 14.8 Necromancy


You had 12 spell levels left.
You knew the following spells:

 Your Spells              Type           Power      Damage    Failure   Level
a - Necrotise             Necr           100%       1d9       1%          1
b - Vampiric Draining     Necr           75%        2d11      1%          3
c - Animate Dead          Necr           75%        N/A       1%          4
d - Curse of Agony        Necr           75%        N/A       1%          5
e - Dispel Undead         Necr           75%        3d25      1%          4
f - Anguish               Hex/Necr       26%        N/A       6%          4
g - Martyr's Knell        Necr/Summ      53%        N/A       6%          4

Your spell library contained the following spells:

 Spells                   Type           Power      Damage    Failure   Level
 Kiss of Death            Conj/Necr      100%       2d13      1%          1
 Sublimation of Blood     Necr           75%        N/A       1%          2
 Fugue of the Fallen      Necr           75%        N/A       1%          3
 Cigotuvi's Dreadful Rot  Necr/Alch/Air  82%        N/A       2%          2
 Apportation              Tloc           30%        N/A       13%         1
 Call Imp                 Summ           30%        N/A       21%         2
 Ensorcelled Hibernation  Hex/Ice        30%        N/A       21%         2
 Jinxbite                 Hex            30%        N/A       21%         2
 Confusing Touch          Hex            15%        N/A       36%         3
 Dazzling Flash           Conj/Hex       30%        N/A       36%         3
 Inner Flame              Hex/Fire       15%        N/A       36%         3
 Ozocubu's Armour         Ice            15%        N/A       36%         3
 Passwall                 Erth           15%        N/A       36%         3
 Swiftness                Air            15%        N/A       36%         3
 Tukima's Dance           Hex            15%        N/A       36%         3
 Volatile Blastmotes      Fire/Tloc      30%        2d12      36%         3
 Flame Wave               Conj/Fire      15%        2d7       78%         4
 Fulminant Prism          Conj/Alch      7%         3d7       78%         4
 Iskenderun's Mystic Bla  Conj/Tloc      15%        2d5       78%         4
 Leda's Liquefaction      Alch/Erth      7%         N/A       78%         4
 Manifold Assault         Tloc           15%        N/A       78%         4
 Passage of Golubria      Tloc           15%        N/A       78%         4
 Petrify                  Alch/Erth      15%        N/A       78%         4
 Sticky Flame             Fire/Alch      15%        2d5       78%         4
 Infestation              Necr           37%        N/A       89%         8
 Alistair's Intoxication  Alch           10%        N/A       98%         5
 Irradiate                Conj/Alch      7%         3d14      98%         5
 Yara's Violent Unravell  Hex/Alch       7%         3d5       98%         5
 Haunt                    Necr/Summ      26%        N/A       99%         7
 Starburst                Conj/Fire      7%         6d4       100%        6
 Summon Hydra             Summ           7%         N/A       100%        7
 Maxwell's Capacitive Co  Air            7%         ∞         100%        8


Dungeon Overview and Level Annotations

Branches:
Dungeon (13/15)            Temple (1/1) D:5            Lair (5/5) D:9
 Shoals (0/4) Lair:2        Snake (0/4) Lair:3        Slime (0/5) Lair:4
    Orc (1/2) D:12         Bailey (visited)
 Vaults: D:13-14

Altars:
Ashenzari
Cheibriados
Dithmenos
Fedhas
Gozag
Hepliaklqana
Kikubaaqudgha
Makhleb
Nemelex Xobeh
Okawaru
Qazlal
Ru
Sif Muna
Trog
Uskayaw
Vehumet
Wu Jian
Xom
Yredelemnul
Jiyva

Shops:
D:3 =   D:9 [*(

Annotations:
D:3 2 runed translucent doors, Tripartite's ghost, weakling DEHs
D:10 5 runed translucent doors
Orc:1 Jorgrun


Innate Abilities, Weirdness & Mutations

You are surrounded by a strong repulsion field. (EV +4, RMsl)
You may rarely emit foul miasma when damaged in melee.
You sometimes gain a little power by taking damage.
Your touch may inflict irresistible damage on your foes.


Message History

The liquid fire burns you!
The deep elf pyromancer hits you but does no damage.
Casting: Curse of Agony (mildly dangerous; 1% risk of failure)
Confirm with . or Enter, or press ? or * to list all spells.
Aiming: Curse of Agony (mildly dangerous; 1% risk of failure)
Press: ? - help, Shift-Dir - straight line, f/p - deep elf pyromancer
Aim: a deep elf pyromancer, wielding a +0 long sword (moderately wounded, chance to affect: 88%)
The deep elf pyromancer is cursed with the promise of agony.
The liquid fire burns you!
You focus on the pain.
You feel very mighty all of a sudden.
The deep elf pyromancer hits you with a +0 long sword.
You slash the deep elf pyromancer!
The deep elf pyromancer convulses!
The deep elf pyromancer is severely wounded.
The liquid fire burns you!
You hit the deep elf pyromancer.
The deep elf pyromancer convulses!
The deep elf pyromancer is freed from its curse.
Your touch misses the deep elf pyromancer.
The deep elf pyromancer is almost dead.
The liquid fire burns you!
* * * LOW HITPOINT WARNING * * *
The deep elf pyromancer hits you but does no damage.
Casting: Curse of Agony (mildly dangerous; 1% risk of failure)
Confirm with . or Enter, or press ? or * to list all spells.
Aiming: Vampiric Draining (safe; 1% risk of failure)
Press: ? - help, Shift-Dir - straight line, f/p - deep elf pyromancer
Aim: a deep elf pyromancer, wielding a +0 long sword (almost dead)
You draw life force from the deep elf pyromancer!
You kill the deep elf pyromancer!
Kikubaaqudgha accepts your kill.
You feel life coursing into your body. The liquid fire burns you!
* * * LOW HITPOINT WARNING * * *
You shake off some of the fire as you move.
The liquid fire burns you!
* * * LOW HITPOINT WARNING * * *
You shake off some of the fire as you move.
The liquid fire burns you!
You die...
Kikubaaqudgha rasps: "You have failed me!
Welcome... death!"

##............## ##...
#..########...####....
#.## ##...#...... #.#
#..>....... #.#
##..####### #[## #### #
#..########## ##
#...........## #.
#..).@..)....# ##.
#....####....## ##..
#....###)[?##....# ###..#
#...##Re##?!#....###...##
#.^.#○E ##(#.......:.##
#...#V #[#........##
#..#. #.#..####...## ## #
#.u#.## #....### #WC##.#
##......


There were no monsters in sight!

Vanquished Creatures
  Gastronok (Lair:3)
  An orc warlord (Bailey)
  2 dire elephants (Lair:5)
  Snorg (Lair:3)
  Harold (D:10)
  4 hydras
  A catoblepas (Lair:1)
  3 boulder beetles
  3 two-headed ogres
  A centaur warrior (D:13)
  A tengu warrior (D:13)
  Urug (D:11)
  2 death yaks (Lair:5)
  2 skysharks (Lair:5)
  Sonja (D:11)
  3 spectral death yaks (Lair:5)
  A spectral anaconda (Lair:5)
  A necromancer (Lair:5)
  An obsidian statue (Lair:5)
  A deep elf pyromancer (D:13)
  A manticore (D:12)
  2 cyclopes
  4 oklob plants (Lair:2)
  3 ugly things (D:12)
  12 elephants
  A torpor snail (Lair:5)
  3 black mambas
  A gargoyle (D:12)
  8 cane toads
  Maggie (D:9)
  3 rime drakes
  An efreet (D:13)
  2 dire elephant skeletons (Lair:5)
  7 komodo dragons
  A polar bear (shapeshifter) (D:13)
  2 polar bears
  3 trolls
  A hornet (D:7)
  8 blink frogs
  Grinder (D:6)
  A snapping turtle (Lair:2)
  4 slime creatures
  3 wraiths
  21 yaks
  3 shadows
  2 vampires (D:13)
  A water elemental (Lair:2)
  2 wyverns
  4 basilisks
  2 steam dragons
  11 vampire mosquitoes
  3 spectral cane toads (Lair:5)
  3 nagas (Lair:3)
  16 water moccasins
  A swamp drake (Lair:2)
  2 black bears
  3 elephant zombies (Lair:5)
  9 orc warriors
  8 wolves
  7 centaurs
  An elephant skeleton (Lair:5)
  2 kobold brigands (D:8)
  10 bullfrogs
  4 scorpions
  2 cane toad simulacra (Lair:5)
  4 wights (D:7)
  7 killer bees
  5 howler monkeys
  An electric eel (Lair:2)
  A jelly (D:6)
  7 orc priests
  A gnoll bouda (D:7)
  2 hounds
  A sleepcap (D:6)
  3 iguanas
  Natasha (twice) (D:3 D:4)
  7 orc wizards
  Robin (D:3)
  5 gnolls
  10 adders
  A ribbon worm (D:2)
  2 dart slugs
  38 orcs
  6 bats
  3 endoplasms
  3 giant cockroaches
  19 goblins
  21 hobgoblins
  12 jackals
  4 quokkas
  8 ball pythons
  3 frilled lizards
  23 kobolds
  2 rats
424 creatures vanquished.

Vanquished Creatures (collateral kills)
  2 necromancers (Lair:5)
  3 elephants
  A cyclops (D:13)
  5 cane toads
  2 komodo dragons
  A spectral elephant (Lair:5)
  4 blink frogs
  A yak (Lair:4)
  A basilisk (D:13)
  A steam dragon (D:10)
  4 water moccasins
  An orc warrior (D:10)
  An elephant zombie (Lair:5)
  An elephant skeleton (Lair:5)
  4 wolves
  2 bullfrogs
  An orc priest (D:10)
  A shadow imp (D:5)
  A jackal (D:2)
  A kobold (Bailey)
38 creatures vanquished.

Vanquished Creatures (others)
  A vampire mosquito (D:13)
  A skyshark zombie (Lair:5)
  2 cane toad zombies
  An elephant zombie (Lair:5)
  A centaur (D:12)
  4 komodo dragon zombies
  A cyclops zombie (D:13)
  A water moccasin zombie (Lair:3)
  A wyvern zombie (D:9)
  A polar bear zombie (D:13)
  A basilisk zombie (D:13)
15 creatures vanquished.

Grand Total: 477 creatures vanquished

Notes
Turn   | Place    | Note
-------+----------+-------------------------------------------
     0 | D:1      | PaiMei the Demonspawn Necromancer began the quest for the
                  | Orb.
     0 | D:1      | Reached XP level 1. HP: 13/13 MP: 3/3
   446 | D:1      | Gained mutation: You are surrounded by a mild repulsion
                  | field. (EV +2) [demonic ancestry]
   446 | D:1      | Reached XP level 2. HP: 19/19 MP: 1/5
  1066 | D:1      | Gained mutation: You are surrounded by a moderate repulsion
                  | field. (EV +3) [demonic ancestry]
  1066 | D:1      | Reached XP level 3. HP: 24/24 MP: 2/6
  1070 | D:1      | Learned a level 3 spell: Vampiric Draining
  2259 | D:2      | Gained mutation: Your touch may inflict minor irresistible
                  | damage on your foes. [demonic ancestry]
  2259 | D:2      | Reached XP level 4. HP: 25/31 MP: 3/8
  2345 | D:2      | Reached skill level 1 in Fighting
  2574 | D:3      | Found Foecohaw's Jewellery Shop.
  2661 | D:3      | Found a runed translucent door.
  2683 | D:3      | Noticed Tripartite's ghost (weakling DEHs)
  2739 | D:3      | Noticed Natasha
  2744 | D:3      | Reached skill level 5 in Necromancy
  2753 | D:3      | Killed Natasha
  2951 | D:3      | Got the Handbook of the Arcane
  3025 | D:3      | Noticed Robin
  3073 | D:3      | Killed Robin
  3074 | D:3      | Reached XP level 5. HP: 37/37 MP: 1/9
  3088 | D:3      | Noticed Natasha
  3448 | D:4      | Identified the +1 hand axe "Degeihos" {chaos, rF+ rN+ MP+9
                  | Int+2}
  3757 | D:4      | Gained mutation: You may rarely emit foul miasma when
                  | damaged in melee. [demonic ancestry]
  3757 | D:4      | Reached XP level 6. HP: 40/44 MP: 11/11
  4408 | D:4      | Killed Natasha
  4727 | D:3      | Found a bloodstained altar of Trog.
  4810 | D:3      | Gained mutation: Your touch may inflict irresistible damage
                  | on your foes. [demonic ancestry]
  4810 | D:3      | Reached XP level 7. HP: 45/52 MP: 12/12
  4892 | D:3      | Found a runed translucent door.
  5030 | D:5      | Entered Level 5 of the Dungeon
  5089 | D:5      | Reached skill level 6 in Necromancy
  5127 | D:5      | Found a staircase to the Ecumenical Temple.
  5133 | Temple   | Entered the Ecumenical Temple
  5263 | D:5      | Found a radiant altar of Vehumet.
  5313 | D:5      | You fall into a shaft and drop 3 floors!
  5932 | D:7      | Found a flagged portal.
  5972 | Bailey   | Entered a bailey
  5977 | Bailey   | Noticed an orc warlord
  6015 | Bailey   | Learned a level 4 spell: Animate Dead
  6337 | Bailey   | Reached XP level 8. HP: 60/60 MP: 14/15
  6405 | Bailey   | Found a runed translucent gate.
  6407 | Bailey   | Found a runed translucent gate.
  6408 | Bailey   | Found a runed translucent gate.
  6563 | Bailey   | Identified the +7 sling of Verau {heavy, Int+2}
  6992 | Bailey   | Killed an orc warlord
  6993 | Bailey   | Reached skill level 5 in Fighting
  6993 | Bailey   | Reached skill level 5 in Dodging
  6993 | Bailey   | Reached skill level 5 in Spellcasting
  6993 | Bailey   | Reached skill level 7 in Necromancy
  6993 | Bailey   | Reached XP level 9. HP: 47/68 MP: 17/17
  7300 | D:7      | Found a shadowy altar of Dithmenos.
  7301 | D:7      | Found a sacrificial altar of Ru.
  7301 | D:7      | Found a shimmering altar of Xom.
  7316 | D:7      | Found a hazy altar of Hepliaklqana.
  7328 | D:7      | HP: 2/68 [wight/+4 halberd (10)]
  7468 | D:7      | Reached skill level 8 in Necromancy
  7982 | D:6      | Noticed Grinder
  8005 | D:6      | Killed Grinder
  9873 | D:7      | Found a shimmering blue altar of Sif Muna.
  9873 | D:7      | Found an iron altar of Okawaru.
  9873 | D:7      | Found a hide-covered altar of Uskayaw.
  9875 | D:7      | Found an ancient bone altar of Kikubaaqudgha.
  9875 | D:7      | Found a broken altar of Ashenzari.
  9875 | D:7      | Found a stormy altar of Qazlal.
  9883 | D:7      | Became a worshipper of Kikubaaqudgha
 10096 | D:7      | Learned a level 5 spell: Curse of Agony
 10776 | D:9      | Found Piatodoi's General Store.
 10783 | D:9      | Bought a scroll of teleportation for 48 gold pieces
 10783 | D:9      | Bought a potion of curing for 48 gold pieces
 10805 | D:9      | Noticed Maggie
 10813 | D:9      | Reached skill level 9 in Necromancy
 10824 | D:9      | Killed Maggie
 10825 | D:9      | Gained mutation: You sometimes gain a little power by
                  | taking damage. [demonic ancestry]
 10825 | D:9      | Reached XP level 10. HP: 62/79 MP: 3/20
 11526 | D:9      | Found Suewoutt's Weapon Emporium.
 11527 | D:9      | Found a staircase to the Lair.
 11566 | D:9      | Identified the +8 hand axe "Gain" {speed, ^Contam rC+++
                  | Str+7}
 11570 | D:9      | Noticed a two-headed ogre
 11575 | D:9      | Killed a two-headed ogre
 11904 | D:9      | Found Uqoariukae's Armour Shoppe.
 11908 | D:9      | Reached * piety under Kikubaaqudgha
 11908 | D:9      | Received a gift from Kikubaaqudgha
 12376 | D:10     | Entered Level 10 of the Dungeon
 12401 | D:10     | Noticed a two-headed ogre
 12410 | D:10     | Killed a two-headed ogre
 12472 | D:10     | Noticed a black mamba
 12474 | D:10     | Noticed a wolf spider
 12478 | D:10     | Noticed a wolf spider
 12478 | D:10     | Found a runed translucent door.
 12484 | D:10     | Found a runed translucent gate.
 12487 | D:10     | Found a runed translucent gate.
 12487 | D:10     | Found a runed translucent gate.
 12493 | D:10     | Noticed a wolf spider
 12494 | D:10     | Noticed a wolf spider
 12494 | D:10     | Noticed a wolf spider
 12500 | D:10     | Found a runed translucent door.
 12628 | D:10     | Found the +9 staff of Olgreb {rPois∞}
 12757 | D:10     | Reached skill level 10 in Necromancy
 12776 | D:10     | Noticed Harold
 12777 | D:10     | Noticed a two-headed ogre
 13017 | D:10     | Found a burning altar of Makhleb.
 13019 | D:10     | Found a snail-covered altar of Cheibriados.
 13071 | D:10     | Killed a two-headed ogre
 13162 | D:10     | Killed Harold
 13163 | D:10     | Reached XP level 11. HP: 37/87 MP: 5/23
 14027 | D:11     | Noticed Urug
 14406 | D:11     | Noticed Sonja
 14420 | D:11     | Killed Sonja
 14577 | D:11     | Killed Urug
 15040 | D:12     | Noticed a purple ugly thing
 15052 | D:12     | Killed a purple ugly thing
 15146 | D:12     | Reached skill level 11 in Necromancy
 15243 | D:12     | Noticed a purple ugly thing
 15248 | D:12     | Killed a purple ugly thing
 15248 | D:12     | Reached ** piety under Kikubaaqudgha
 15307 | D:12     | Found a staircase to the Orcish Mines.
 15652 | D:12     | Noticed a boulder beetle
 15689 | D:12     | Killed a boulder beetle
 15871 | D:12     | Noticed a purple ugly thing
 15878 | D:12     | Killed a purple ugly thing
 16582 | D:13     | Gained mutation: You are surrounded by a strong repulsion
                  | field. (EV +4, RMsl) [demonic ancestry]
 16582 | D:13     | Reached XP level 12. HP: 83/97 MP: 25/25
 16611 | D:13     | Noticed a centaur warrior
 16616 | D:13     | Killed a centaur warrior
 16966 | Lair:1   | Entered Level 1 of the Lair of Beasts
 17107 | Lair:1   | Reached skill level 10 in Fighting
 17356 | Lair:1   | Reached skill level 12 in Necromancy
 17609 | Lair:1   | Noticed a catoblepas
 17619 | Lair:1   | Killed a catoblepas
 18060 | Lair:1   | Reached skill level 10 in Spellcasting
 18064 | Lair:1   | Reached skill level 10 in Dodging
 18926 | Lair:2   | Found a hazy altar of Hepliaklqana.
 19051 | Lair:2   | Noticed an eight-headed hydra
 19070 | Lair:2   | Killed a ten-headed hydra
 19070 | Lair:2   | Reached *** piety under Kikubaaqudgha
 19070 | Lair:2   | Received a gift from Kikubaaqudgha
 20078 | Lair:2   | Found a staircase to the Shoals.
 21502 | Lair:3   | Noticed Gastronok
 21549 | Lair:2   | Reached XP level 13. HP: 97/106 MP: 19/27
 21570 | Lair:3   | Reached skill level 13 in Necromancy
 21975 | Lair:3   | Reached skill level 1 in Axes
 22039 | Lair:3   | Noticed Snorg
 22048 | Lair:3   | Killed Snorg
 22511 | Lair:3   | Killed Gastronok
 22601 | Lair:3   | You fall into a shaft and drop 1 floor!
 23159 | Lair:4   | Reached **** piety under Kikubaaqudgha
 23280 | Lair:4   | Reached skill level 1 in Armour
 23819 | Lair:4   | Found a viscous altar of Jiyva.
 23820 | Lair:4   | Found a staircase to the Slime Pits.
 24609 | Lair:3   | Found a staircase to the Snake Pit.
 25090 | Lair:5   | Entered Level 5 of the Lair of Beasts
 26110 | Lair:5   | Reached skill level 14 in Necromancy
 26532 | Lair:5   | Reached XP level 14. HP: 69/113 MP: 6/29
 27066 | Lair:5   | Reached skill level 5 in Axes
 27451 | Lair:5   | Learned a level 4 spell: Dispel Undead
 27456 | Lair:5   | Learned a level 4 spell: Anguish
 27461 | Lair:5   | Learned a level 4 spell: Martyr's Knell
 28729 | Lair:5   | Identified the +5 arbalest of the Wizarding Gods
                  | {antimagic, rF+ rN+ Dex+4}
 28757 | Lair:5   | Reached ***** piety under Kikubaaqudgha
 29186 | Lair:5   | Reached skill level 5 in Armour
 29752 | Orc:1    | Entered Level 1 of the Orcish Mines
 29752 | Orc:1    | Noticed Jorgrun
 30033 | D:13     | Incinerated by a deep elf pyromancer

Illustrated notes

Levels and vault maps discovered:
D:1:      saegor_arrival_simple_d, layout_loops_corners,
          nicolae_figureground_pulse
D:2:      layout_basic
D:3:      layout_rooms, trog_hazing_becter, ebering_ghost_sewer_f, serial_shops,
          shop, minmay_cupped, uniq_natasha, uniq_robin
D:4:      layout_basic
D:5:      layout_cave_pods, mainiacjoe_overflow_chevrons,
          minmay_temple_entry_hall, nicolae_shop_national_dungeon_mall
D:6:      layout_layer_cave, uniq_grinder
D:7:      layout_gridville, nicolae_overflows_in_rows, enter_bailey_3
D:8:      layout_basic
D:9:      layout_cave_pools, lair_entry_dummy, serial_shops, shop, shop,
          nicolae_shop_pleasant_corner_grove, uniq_maggie
D:10:     layout_cave_pods, chequers_temple_overflow_statue_of_worship,
          grunt_ministairs_13, minmay_guarded_unrand_staff_of_olgreb,
          uniq_harold
D:11:     layout_rooms, uniq_sonja, uniq_urug
D:12:     layout_long_grid, david_orc_3, portal_ice_cave_entry_pillars_1
D:13:     layout_layer_cave, erik_vaults_2, gauntlet_entry_generic,
          minmay_alternating_orb
Temple:   hellmonk_temple_micro_hex
Lair:1:   layout_gridlike, st_stairs_6, grunt_forest_large_clearings
Lair:2:   minmay_lair_oklob_tunnel, layout_cave_shapes, minmay_shoals_entry_hut,
          basic_altar, minivault_24, pond, infiniplex_staircase_pool,
          serial_bayou_shore_b
Lair:3:   layout_small_grid, nicolae_snake_entry_squirm, uniq_gastronok,
          uniq_snorg
Lair:4:   layout_regular_city, slime_entry_1, serial_bayou_shore_b,
          grunt_megastairs_3
Lair:5:   due_jungle_book, layout_loops_ring
Orc:1:    layout_diamond_mine, serial_shops, nicolae_shop_statue_plus,
          minmay_orc_temple_c, uniq_jorgrun

Skill      XL: |  1  2  3  4  5  6  7  8  9 10 11 12 13 14 |
---------------+-------------------------------------------+-----
Stealth        | 2 |  2.2
Dodging        | 2 3 4 5 6 8 9 10 11 | 11.0
Fighting       | 1 2 3 4 5 7 8 9 11 | 11.1
Necromancy     | 5 6 7 9 10 11 12 14 | 14.8
Spellcasting   | 3 4 5 7 8 9 10 11 12 | 12.2
Axes           | 4 6 |  6.2
Armour         | 3 5 |  5.2

Action                     |  1- 3 |  4- 6 |  7- 9 | 10-12 | 13-15 || total
---------------------------+-------+-------+-------+-------+-------++-------
  Melee: Whip              |     9 |       |       |       |       ||     9
         Unarmed           |     8 |       |       |       |       ||     8
         Flail             |    28 |    57 |       |       |       ||    85
         Touch             |       |    12 |    36 |    70 |    80 ||   198
         Hand axe          |       |    38 |   143 |   270 |   274 ||   725
         Punch             |       |       |     1 |     4 |     4 ||     9
   Cast: Necrotise         |    68 |    54 |    96 |    81 |     8 ||   307
         Vampiric Draining |       |     8 |    62 |   167 |   174 ||   411
         Curse of Agony    |       |       |       |    27 |    28 ||    55
         Animate Dead      |       |       |       |     7 |     6 ||    13
         Dispel Undead     |       |       |       |       |    32 ||    32
  Evoke: Wand              |       |       |     2 |     4 |       ||     6
    Use: Scroll            |       |       |    14 |     7 |     7 ||    28
         Potion            |       |       |     1 |       |     4 ||     5
   Stab: Paralysed         |       |       |     7 |       |       ||     7
         Distracted        |       |       |     1 |       |     2 ||     3
 Armour: Robe              |    13 |       |       |       |       ||    13
         Scale mail        |    29 |   105 |       |   116 |   380 ||   630
         Ring mail         |       |    23 |   131 |       |       ||   154
         Steam dragon scal |       |       |    13 |     9 |       ||    22
         Troll leather arm |       |       |       |   210 |       ||   210
  Dodge: Dodged            |    56 |    95 |   209 |   528 |   443 ||  1331
         Repelled          |       |       |       |     9 |     4 ||    13
